 Dungeon Crawl Stone Soup version 0.14-a0-155-gd989017 (webtiles) character file.

113 4tharraofdagon the Sneak (level 3, -5/16 HPs)
             Began as a Spriggan Fire Elementalist on Oct 5, 2013.
             Killed from afar by Sigmund (10 damage)
             ... with a magic dart
             ... on Level 6 of the Dungeon.
             The game lasted 00:04:16 (466 turns).

4tharraofdagon the Sneak (SpFE)                      Turns: 466, Time: 00:04:17

HP  -5/16        AC  2     Str  4      XL: 3   Next: 78%
MP   2/9         EV 17     Int 17      God:
Gold 54          SH 11     Dex 16      Spells:  2 memorised,  2 levels left

Res.Fire  : . . .   See Invis. : +   p - +0 blowgun
Res.Cold  : . . .   Warding    : .   a - +0 robe
Life Prot.: . . .   Conserve   : .   e - +0 dwarf buckler
Res.Poison: .       Res.Corr.  : .   (helmet restricted)
Res.Elec. : .       Clarity    : .   (no cloak)
Sust.Abil.: . .     Spirit.Shd : .   (gloves unavailable)
Res.Mut.  : .       Stasis     : .   (boots unavailable)
Res.Rott. : .       Flight     : .   (no amulet)
Saprovore : . . .                    (no ring)
                                     (no ring)

@: very slightly contaminated, very quick, slightly resistant to hostile
enchantments, stealthy
A: unfitting armour, talons 1, see invisible, herbivore 3, speed 3, slow
metabolism 2
a: no special abilities


You were on level 6 of the Dungeon.
You were not hungry.

You visited 1 branch of the dungeon, and saw 6 of its levels.

You collected 34 gold pieces.

Inventory:

Hand weapons
 d - a +1,+3 dwarven short sword
 p - a +0 blowgun (weapon)
Missiles
 q - 9 poisoned needles (quivered)
Armour
 a - a +0 robe (worn)
 e - a +0 dwarven buckler (worn)
Magical devices
 o - a wand of fireball (2)
Comestibles
 h - 2 bread rations
Scrolls
 g - a scroll of remove curse {unknown}
 i - a scroll of enchant weapon I {unknown}
 k - a scroll of identify {unknown}
 l - 2 scrolls of recharging {unknown}
 m - a scroll of noise {unknown}
 n - a scroll of teleportation {unknown}
Potions
 c - a potion of porridge
 j - a potion of might {unknown}
Books
 b - a book of Flames

   Spells                             Type                      Level
   *Flame Tongue                      Conjuration/Fire             1
   Throw Flame                        Conjuration/Fire             2
   *Conjure Flame                     Conjuration/Fire             3
   Inner Flame                        Hexes/Fire                   3
   Sticky Flame                       Conjuration/Fire             4
   Fireball                           Conjuration/Fire             5


   Skills:
 + Level 0.4 Short Blades
 - Level 3.0 Dodging
 + Level 3.4 Stealth
 + Level 2.3 Spellcasting
 * Level 1.6 Conjurations
 * Level 2.9 Fire Magic


You had 2 spell levels left.
You knew the following spells:

 Your Spells              Type           Power        Failure   Level  Hunger
a - Flame Tongue          Conj/Fire      #....        12%         1    #......
b - Conjure Flame         Conj/Fire      #.......     30%         3    ####...


Dungeon Overview and Level Annotations

Branches:
Dungeon (6/27)
 Temple: D:4-7          Orc: D:6-11

Altars:

Annotations:
D:6 Sigmund


Innate Abilities, Weirdness & Mutations

You are tiny and cannot use many weapons and most armour.
You have supernaturally acute eyesight.
You are a herbivore.
You cover ground extremely quickly.
You need consume almost no food.
You have sharp toenails.


Message History

Sigmund gestures wildly while chanting.
Sigmund flickers and vanishes for a moment.
Drink which item? (? for menu, Esc to quit)
Your toenails lengthen and sharpen.
You feel fantastic!
It was a potion of beneficial mutation.
Firing (i - inventory):
q - 11 poisoned needles (quivered)
Press: ? - help, Shift-Dir - straight line, f/p - Sigmund
Aim: Sigmund, wielding a glowing scythe and wearing a robe (moderately wounded, poisoned, slightly transparent)
You shoot a poisoned needle. The poisoned needle hits Sigmund.
Sigmund is moderately wounded.
Firing (i - inventory):
q - 10 poisoned needles (quivered)
Press: ? - help, Shift-Dir - straight line, f/p - Sigmund
Aim: Sigmund, wielding a glowing scythe and wearing a robe (moderately wounded, poisoned, slightly transparent)
You shoot a poisoned needle. The poisoned needle hits Sigmund.
Sigmund looks even sicker.
Sigmund is moderately wounded.
Sigmund casts a spell at you. The magic dart hits you!
Ouch! That really hurt!
You die...

...................##
........................
....................###
......................#
........................
..##...................
..##..........###.....
.......#(#.#.....<#.#..##
.......'........@........
......(#.#........#.#..##
.......#.#............
........((@.......#.#.#
.#.......#.#.#....#.#
+.......#..........#
###+###.###.##...###
##.###......+......
..........#.##...###


You could see Sigmund (invisible).

Vanquished Creatures
  A goliath beetle (D:6)
  An adder (D:5)
  A ball python (D:5)
  A bat zombie (D:5)
  2 giant cockroaches
  2 hobgoblins
  2 jackals (D:5)
  A kobold (D:3)
  3 bats
  A giant newt (D:2)
15 creatures vanquished.

Notes
Turn   | Place    | Note
--------------------------------------------------------------
     0 | D:1      | 4tharraofdagon, the Spriggan Fire Elementalist, began the quest for the Orb.
     0 | D:1      | Reached XP level 1. HP: 9/9 MP: 4/4
   103 | D:1      | Reached skill level 1 in Conjurations
   176 | D:2      | ZoFy: why you do dis?
   176 | D:2      | wand of fireball-4dmg...
   182 | D:2      | You fall through a shaft!
   185 | D:3      | Reached XP level 2. HP: 7/13 MP: 6/6
   244 | D:5      | Entered Level 5 of the Dungeon
   366 | D:6      | Reached XP level 3. HP: 11/16 MP: 3/9
   371 | D:6      | Learned a level 3 spell: Conjure Flame
   413 | D:6      | Noticed Sigmund
   464 | D:6      | Gained mutation: You have sharp toenails. [potion of beneficial mutation]
   466 | D:6      | Killed from afar by Sigmund

Action                   || total
-------------------------++-------
Melee: Short sword       ||    24
 Fire: Blowgun           ||    14
 Cast: Flame Tongue      ||    13
       Conjure Flame     ||     1
Evoke: Wand              ||     2
  Use: Potion            ||     3
 Stab: Sleeping          ||     1
